 Dungeon Crawl Stone Soup version 0.29.1-13-g9f3cf754e1 (webtiles) character file.

Game seed: 9810847707558330533

14 Exodus22XD the Shield-Bearer (level 2, 27/27 HPs)
             Began as a Minotaur Fighter on Feb 3, 2023.
             Was a Believer of Lugonu.
             Quit the game on level 1 of the Dungeon.
             The game lasted 00:00:33 (356 turns).

Exodus22XD the Shield-Bearer (Minotaur Fighter)      Turns: 356, Time: 00:00:33

Health: 27/27      AC:  9    Str: 20    XL:     2   Next: 27%
Magic:  1/1        EV:  9    Int:  5    God:    Lugonu [**....]
Gold:   11         SH:  4    Dex:  9    Spells: 1/1 levels left

rFire   . . .      SeeInvis .   a - +0 war axe
rCold   . . .      Faith    .   c - +0 buckler
rNeg    . . .      Spirit   .   b - +0 scale mail
rPois   .          Reflect  .   (helmet restricted)
rElec   .          Harm     .   (no cloak)
rCorr   .          Rampage  .   l - +1 pair of gloves
Will    .....                   (no boots)
Stlth   ..........              (no amulet)
HPRegen 0.09/turn               (no ring)
MPRegen 0.07/turn               (no ring)

@: no status effects
A: horns 2, retaliatory headbutt
a: Renounce Religion, Depart the Abyss, Bend Space


You were on level 1 of the Dungeon.
You worshipped Lugonu.
Lugonu was pleased with you.
You visited 1 branch of the dungeon, and saw 1 of its levels.

You collected 11 gold pieces.

Inventory:

Hand Weapons
 a - a +0 war axe (weapon)
Armour
 b - a +0 scale mail (worn)
 c - a +0 buckler (worn)
 l - a +1 pair of gloves (worn)
Jewellery
 n - a +4 ring of evasion
Scrolls
 e - a scroll of noise {unknown}
 i - a scroll of teleportation {unknown}
 j - a scroll of amnesia {unknown}
 k - a scroll of vulnerability {unknown}
 m - a scroll of brand weapon {unknown}
Potions
 d - 3 potions of might
 f - a potion of brilliance {unknown}
 g - a potion of curing {unknown}
 h - 2 potions of heal wounds {unknown}


   Skills:
 + Level 3.9 Fighting
 + Level 2.5 Axes
 + Level 3.9 Armour
 + Level 4.0 Shields


You had one spell level left.
You didn't know any spells.
Your spell library was empty.

Dungeon Overview and Level Annotations

Branches:
Dungeon (1/15)

Altars:
Lugonu


Innate Abilities, Weirdness & Mutations

You have a pair of horns on your head.
You reflexively headbutt those who attack you in melee.


Message History

You see here a +1 pair of gloves.
No target in view!
k - a scroll labelled VYEPSOKH ICIRPH No target in view!
No target in view!
No target in view!
Found a faded altar of an unknown god.
There is a stone staircase leading down here.
Okay, then.
You see here a +1 pair of gloves.
l - a +1 pair of gloves You start putting on your armour.
You continue putting on your +1 pair of gloves. x4
You finish putting on your +1 pair of gloves.
No target in view!
No target in view!
There is an open door here.
You now have 11 gold pieces.
A frilled lizard comes into view.
Found a stone staircase leading down.
The frilled lizard hisses angrily.
A frilled lizard is nearby!
You miss the frilled lizard.
The frilled lizard barely misses you. x2
A frilled lizard is nearby!
You miss the frilled lizard. The frilled lizard closely misses you.
A frilled lizard is nearby!
You closely miss the frilled lizard. The frilled lizard barely misses you.
You slash the frilled lizard!
You kill the frilled lizard!
No target in view!
There is a stone staircase leading down here.
m - a scroll labelled OBAMEISE YLOMA No target in view!
n - a +4 ring of evasion
There is a faded altar of an unknown god here.
You cannot tell which god this altar belongs to.
Convert to them anyway?
Lugonu accepts your prayer! Lugonu welcomes you!
You can now depart the Abyss.
You can now bend space around yourself.
Are you sure you want to abandon this character and quit the game? (Confirm with "yes".)

.#####.....#####.....#
##...##...##...##....# ##
#..8..##'##..8..##...# ..
.................##..# #.
..................##.# #.
##................##.###########.
#...............§.†....>........
#..............§.§#.............
#..............@_§..............
##.......>......................
##......#....§#................
######.####################...
### ####


There were no monsters in sight!

Vanquished Creatures
  2 bats (D:1)
  An endoplasm (D:1)
  A giant cockroach (D:1)
  A goblin (D:1)
  3 hobgoblins (D:1)
  A quokka (D:1)
  A ball python (D:1)
  A frilled lizard (D:1)
11 creatures vanquished.

Notes
Turn   | Place    | Note
-------+----------+-------------------------------------------
     0 | D:1      | Exodus22XD the Minotaur Fighter began the quest for the
                  | Orb.
     0 | D:1      | Reached XP level 1. HP: 19/19 MP: 0/0
   185 | D:1      | Reached XP level 2. HP: 27/27 MP: 1/1
   186 | D:1      | Reached skill level 4 in Shields
   274 | D:1      | Found a faded altar of an unknown god.
   354 | D:1      | Prayed at the altar of an unknown god.
   354 | D:1      | Became a worshipper of Lugonu the Unformed
   354 | D:1      | Reached * piety under Lugonu
   354 | D:1      | Reached ** piety under Lugonu
   356 | D:1      | Quit the game

Illustrated notes

Levels and vault maps discovered:
D:1:      giann_horns, layout_rooms, ebering_ecumenical_altar_mist

Skill      XL: |  1  2 |
---------------+-------+-----
Shields        | 4 |  4.0
Fighting       | |  3.9
Axes           | |  2.5
Armour         | |  3.9

Action                   || total
-------------------------++-------
Melee: War axe           ||    22
       Headbutt          ||     4
Armor: Scale mail        ||     5
Dodge: Dodged            ||    12
Block: Buckler           ||     8
